 Dungeon Sprint DCSS version 0.28-a0-8-g6e044cfa68 (webtiles) character file.

Game seed: 17638935788750537090

65828 mhtbhm the Hoplite (level 15, 0/106 HPs)
             Began as a Gargoyle Fighter on July 24, 2021.
             Was the Champion of Qazlal.
             Killed from afar by Quemuuwn the pandemonium lord (76 damage)
             ... with an arc of chain lightning
             ... in the Dungeon (Sprint VII: "The Pits").
             The game lasted 00:11:58 (4255 turns).

mhtbhm the Hoplite (Gargoyle Fighter)               Turns: 4255, Time: 00:12:01

Health: 0/106      AC: 44    Str: 25    XL:     15   Next: 17%
Magic:  15/29      EV: 10    Int:  8    God:    Qazlal [******]
Gold:   35         SH: 27    Dex: 12    Spells: 14/14 levels left

rFire   + + +      SeeInvis +   a - +2 war axe (vamp)
rCold   + + +      Faith    .   c - +2 shield of Resistance {rF++ rC++ Will++}
rNeg    + . .      Spirit   .   b - +2 gold dragon scales
rPois   ∞          Reflect  .   A - +1 helmet
rElec   +          Harm     .   (no cloak)
rCorr   .          Rampage  +   D - +0 pair of fencer's gloves {Riposte Dex+3}
Will    +++..      NoTele   +   p - +2 pair of boots of Calculation {Rampage rC+++ Int-2 SInv}
Stlth   ..........              (no amulet)
HPRegen 0.27/turn               d - +3 ring of evasion
MPRegen 0.21/turn               n - +3 ring of protection

@: flying, studying Air Magic, repel missiles
A: sickness immunity, AC +11, big wings, negative energy resistance 1,
electricity resistance, torment resistance 1, petrification resistance
a: Renounce Religion, Upheaval, Elemental Force, Disaster Area


You were in the Dungeon.
You worshipped Qazlal.
Qazlal was exalted by your worship.
You visited 1 branch You collected 35 gold pieces.

Inventory:

Hand Weapons
 a - a +2 vampiric war axe (weapon)
 y - a +3 double sword of holy wrath
Armour
 b - +2 gold dragon scales (worn)
 c - the +2 shield of Resistance (worn) {rF++ rC++ Will++}
   (You found it in the Dungeon)

   rF:        It greatly protects you from fire.
   rC:        It greatly protects you from cold.
   Will:      It greatly increases your willpower.
 p - the +2 pair of boots of Calculation (worn) {Rampage rC+++ Int-2 SInv}
   (You found it in the Dungeon)

   Int:       It affects your intelligence (-2).
   rC:        It renders you almost immune to cold.
   SInv:      It lets you see invisible.
   Rampage:   It bestows one free step when moving towards enemies.
 q - a +0 pair of gloves
 A - a +1 helmet (worn)
 D - the +0 pair of fencer's gloves (worn) {Riposte Dex+3}
   (You found it in the Dungeon)

   It allows the wearer to riposte with any weapon, or to riposte more often
   with a long blade, swiftly retaliating against a missed attack.
   Dex:       It affects your dexterity (+3).
Jewellery
 d - a +3 ring of evasion (left hand)
 n - a +3 ring of protection (right hand)
 w - a ring of positive energy
Scrolls
 j - 2 scrolls of blinking
 l - 5 scrolls of amnesia
 m - a scroll of summoning
 r - 4 scrolls of enchant weapon
 s - a scroll of fear
 t - 3 scrolls of identify
 v - 3 scrolls of enchant armour
Potions
 e - 8 potions of curing
 f - 8 potions of heal wounds
 g - 4 potions of haste
 h - 3 potions of magic
 i - 4 potions of berserk rage
 k - a potion of invisibility
 o - a potion of brilliance
 u - 3 potions of mutation
 B - a potion of flight
Miscellaneous
 x - a piece from Xom's chessboard (15/15)
 z - a phial of floods


   Skills:
 + Level 16.8 Fighting
 + Level 17.7 Axes
 + Level 14.7 Armour
 + Level 5.2 Dodging
 + Level 9.6 Stealth
 + Level 23.0 Shields
 * Level 20.7 Invocations


You had 14 spell levels left.
You didn't know any spells.
Your spell library was empty.

Dungeon Overview and Level Annotations

Branches:
Dungeon (1/1)

Altars:
Ashenzari
Cheibriados
Dithmenos
Elyvilon
Fedhas
Gozag
Hepliaklqana
Kikubaaqudgha
Makhleb
Nemelex Xobeh
Okawaru
Qazlal
Ru
Sif Muna
Trog
Uskayaw
Vehumet
Wu Jian
Xom
Yredelemnul
Zin
The Shining One
Beogh
Jiyva
Lugonu


Innate Abilities, Weirdness & Mutations

You are immune to sickness and miasma.
Your stone body is resilient. (AC +11)
You are immune to poison.
Your large and strong wings let you fly.
You resist negative energy. (rN+)
You are resistant to electric shocks. (rElec)
You are resistant to unholy torment.
You are immune to petrification.


Message History

Your experience leads to an increase in your attributes!
Your base attributes are Str 24, Int 10, Dex 9.
Increase (S)trength, (I)ntelligence, or (D)exterity?
You feel stronger.
Unknown command.
Nature churns violently around you!
The blast of magma engulfs Haedecom!!!
Haedecom is burned terribly!
You kill Haedecom!
Qazlal accepts your kill.
Quemuuwn is no longer encased in ice.
Quemuuwn gestures.
Lightning arcs from Quemuuwn's claws!
The bolt of lightning hits you!! You resist.
A bolt of lightning appears from out of thin air!
The bolt of lightning hits Quemuuwn!
Your Shields skill increases to level 23!
Unknown command.
Unknown command.
Unknown command.
Unknown command.
Unknown command.
Unknown command.
Unknown command.
Unknown command.
You miss Quemuuwn.
Quemuuwn is almost dead.
Quemuuwn trunk-slaps you but does no damage.
You closely miss Quemuuwn.
Quemuuwn is almost dead.
Unknown command.
Your gold dragon scales prevents you from hitting Quemuuwn.
Quemuuwn is almost dead.
Quemuuwn trunk-slaps you but does no damage.
Your gold dragon scales prevents you from hitting Quemuuwn.
Quemuuwn is almost dead.
Quemuuwn gestures.
Lightning arcs from Quemuuwn's claws!
The bolt of lightning hits you!!!! You resist.
Ouch! That really hurt!
You die...

#+#
##§##
≈.≈
))§
#≈#
#&#
#@#
#'#
#.#
#.#
#.#
#'#
#≈#
#.#
#.#


You could see Quemuuwn.

Vanquished Creatures
  A Killer Klown (D)
  A pandemonium lord (D)
  A Tzitzimitl (D)
  A hellephant (D)
  A lich (D)
  A titan (D)
  A death cob (D)
  Donald (D)
  A rockslime (D)
  A fire giant (D)
  A nagaraja (D)
  A frost giant (D)
  2 orc warlords (D)
  A ghost moth (D)
  An emperor scorpion (D)
  A green draconian (D)
  A green death (D)
  A merfolk impaler (D)
  A yaktaur captain (D)
  A rakshasa (D)
  An alligator snapping turtle (D)
  6 naga warriors (D)
  A vault guard (D)
  A hydra (D)
  A merfolk avatar (D)
  Erica (D)
  A centaur warrior (D)
  2 death yaks (D)
  3 hell hogs (D)
  A spriggan berserker (D)
  A shadow wraith (D)
  A salamander mystic (D)
  A sea snake (D)
  A deep troll (D)
  A bog body (D)
  A cherub (D)
  A flayed ghost (D)
  10 orc knights (D)
  A phantasmal warrior (D)
  A swamp dragon (D)
  A necromancer (D)
  A deep elf zephyrmancer (D)
  5 harpies (D)
  A large abomination (D)
  A guardian serpent (D)
  2 orange demons (D)
  A smoke demon (D)
  A molten gargoyle (D)
  A cane toad (D)
  2 freezing wraiths (D)
  A rime drake (D)
  A komodo dragon (D)
  2 yaktaurs (D)
  2 red devils (D)
  An efreet (D)
  A hellwing (D)
  A troll (D)
  2 merfolk (D)
  An ice devil (D)
  A tyrant leech (D)
  2 hornets (D)
  A flying skull (D)
  2 shadows (D)
  A redback (D)
  A tarantella (D)
  4 yaks (D)
  A spriggan (D)
  Eustachio (D)
  A fire bat (D)
  Grum (D)
  A basilisk (D)
  A chaos spawn (D)
  A naga (D)
  A floating eye (D)
  A swamp drake (D)
  A centaur (D)
  A necrophage (D)
  4 wolves (D)
  A kobold brigand (D)
  An earth elemental (D)
  A bullfrog (D)
  A scorpion (D)
  4 wights (D)
  4 quasits (D)
  An iron imp (D)
  2 hounds (D)
  A gnoll shaman (D)
  A hell rat (D)
  A river rat (D)
  6 gnolls (D)
  A white imp (D)
  2 ufetubi (D)
  3 adder skeletons (D)
  An adder simulacrum (D)
  2 goblins (D)
  A hobgoblin (D)
  8 jackals (D)
  2 kobolds (D)
  3 quokkas (D)
  2 bat simulacra (D)
  A frilled lizard (D)
  A jackal skeleton (D)
  A quokka skeleton (D)
  A rat (D)
166 creatures vanquished.

Vanquished Creatures (collateral kills)
  A swamp dragon (D)
  A lindwurm (D)
  A wolf (D)
3 creatures vanquished.

Vanquished Creatures (others)
  A naga warrior (D)
  An orc knight (D)
  A wolf (D)
  A quokka zombie (D)
4 creatures vanquished.

Grand Total: 173 creatures vanquished

Notes
Turn   | Place    | Note
-------+----------+-------------------------------------------
     0 | D        | mhtbhm the Gargoyle Fighter began the quest for the Orb.
     0 | D        | Reached XP level 1. HP: 14/14 MP: 1/1
    16 | D        | Reached skill level 4 in Shields
    16 | D        | Reached XP level 2. HP: 20/20 MP: 2/2
    20 | D        | Found a bloodstained altar of Trog.
    20 | D        | Found a shimmering blue altar of Sif Muna.
    20 | D        | Found a viscous altar of Jiyva.
    20 | D        | Found a hazy altar of Hepliaklqana.
    20 | D        | Found an opulent altar of Gozag.
    21 | D        | Found a glowing golden altar of the Shining One.
    21 | D        | Found a glowing silver altar of Zin.
    21 | D        | Found a basalt altar of Yredelemnul.
    21 | D        | Found a shimmering altar of Xom.
    21 | D        | Found an ornate altar of the Wu Jian Council.
    21 | D        | Found a sacrificial altar of Ru.
    21 | D        | Found a stormy altar of Qazlal.
    21 | D        | Found an iron altar of Okawaru.
    21 | D        | Found a sparkling altar of Nemelex Xobeh.
    21 | D        | Found a burning altar of Makhleb.
    21 | D        | Found a blossoming altar of Fedhas.
    21 | D        | Found a white marble altar of Elyvilon.
    21 | D        | Found a shadowy altar of Dithmenos.
    21 | D        | Found a snail-covered altar of Cheibriados.
    23 | D        | Found a radiant altar of Vehumet.
    23 | D        | Found a corrupted altar of Lugonu.
    24 | D        | Found a hide-covered altar of Uskayaw.
    24 | D        | Found an ancient bone altar of Kikubaaqudgha.
    24 | D        | Found a broken altar of Ashenzari.
    28 | D        | Became a worshipper of Qazlal Stormbringer
    76 | D        | Reached * piety under Qazlal
   257 | D        | Reached ** piety under Qazlal
   272 | D        | Reached *** piety under Qazlal
   273 | D        | Reached XP level 3. HP: 7/24 MP: 3/3
   514 | D        | Noticed a centaur
   514 | D        | Noticed a fire bat
   531 | D        | Reached **** piety under Qazlal
   532 | D        | Reached skill level 5 in Fighting
   532 | D        | Reached skill level 5 in Armour
   532 | D        | Reached skill level 5 in Shields
   532 | D        | Reached skill level 1 in Invocations
   532 | D        | Reached XP level 4. HP: 31/31 MP: 3/5
   537 | D        | Killed a fire bat
   538 | D        | Reached skill level 5 in Axes
   538 | D        | Reached skill level 6 in Shields
   538 | D        | Reached XP level 5. HP: 36/36 MP: 3/8
   544 | D        | Reached XP level 6. HP: 41/41 MP: 3/9
   552 | D        | Reached ***** piety under Qazlal
   553 | D        | Reached skill level 7 in Shields
   553 | D        | Reached skill level 5 in Invocations
   565 | D        | Reached skill level 8 in Shields
   573 | D        | Reached XP level 7. HP: 12/47 MP: 9/11
   998 | D        | Noticed a cane toad
  1013 | D        | Killed a cane toad
  1014 | D        | Reached skill level 1 in Stealth
  1014 | D        | Reached skill level 10 in Shields
  1019 | D        | Reached XP level 8. HP: 48/52 MP: 11/13
  1046 | D        | Noticed a deep troll
  1046 | D        | Noticed a shadow
  1064 | D        | Killed a shadow
  1064 | D        | Reached ****** piety under Qazlal
  1072 | D        | Killed a deep troll
  1073 | D        | Reached skill level 11 in Shields
  1306 | D        | Noticed a phantasmal warrior
  1317 | D        | Reached XP level 9. HP: 43/59 MP: 15/15
  1320 | D        | Killed a phantasmal warrior
  1321 | D        | Reached skill level 12 in Shields
  1514 | D        | Noticed a sea snake
  1514 | D        | Noticed a flayed ghost
  1520 | D        | Killed a sea snake
  1521 | D        | Reached skill level 13 in Shields
  1521 | D        | Reached skill level 10 in Invocations
  1529 | D        | Killed a flayed ghost
  1530 | D        | Reached skill level 10 in Armour
  1644 | D        | Noticed an ice devil
  1644 | D        | Noticed a death yak
  1644 | D        | Noticed Grum
  1651 | D        | Reached XP level 10. HP: 28/66 MP: 17/17
  1654 | D        | Killed a death yak
  1655 | D        | Reached skill level 14 in Shields
  1656 | D        | Killed Grum
  1657 | D        | Reached skill level 10 in Axes
  1839 | D        | Noticed a harpy
  1839 | D        | Noticed a harpy
  1839 | D        | Noticed a harpy
  1839 | D        | Noticed a harpy
  1839 | D        | Noticed a harpy
  1846 | D        | Killed a harpy
  1847 | D        | Killed a harpy
  1850 | D        | Killed a harpy
  1851 | D        | Reached skill level 10 in Fighting
  1856 | D        | Killed a harpy
  1857 | D        | Reached skill level 15 in Shields
  1870 | D        | Killed a harpy
  1871 | D        | Reached XP level 11. HP: 66/73 MP: 18/20
  1911 | D        | Noticed Erica
  1923 | D        | Killed Erica
  1945 | D        | Noticed a hell hog
  1945 | D        | Noticed a hell hog
  1945 | D        | Noticed a hell hog
  1946 | D        | Noticed a swamp dragon
  1958 | D        | Killed a hell hog
  1959 | D        | Reached skill level 16 in Shields
  1959 | D        | Killed a hell hog
  1969 | D        | Killed a swamp dragon
  1971 | D        | Killed a hell hog
  2257 | D        | Noticed a death yak
  2273 | D        | Killed a death yak
  2323 | D        | Noticed a deep elf zephyrmancer
  2331 | D        | Killed a deep elf zephyrmancer
  2332 | D        | Reached skill level 17 in Shields
  2352 | D        | Reached XP level 12. HP: 36/81 MP: 17/22
  2807 | D        | Noticed a merfolk avatar
  2824 | D        | Killed a merfolk avatar
  2850 | D        | Reached skill level 18 in Shields
  2879 | D        | Noticed a merfolk impaler
  2910 | D        | Killed a merfolk impaler
  3093 | D        | Noticed a rakshasa
  3093 | D        | Noticed a frost giant
  3093 | D        | Noticed a naga warrior
  3094 | D        | Killed a rakshasa
  3094 | D        | Killed a naga warrior
  3095 | D        | Killed a frost giant
  3096 | D        | Reached skill level 15 in Invocations
  3102 | D        | Killed a ghost moth
  3103 | D        | Reached skill level 19 in Shields
  3280 | D        | Noticed a centaur warrior
  3280 | D        | Noticed a fire giant
  3281 | D        | Noticed a yaktaur captain
  3287 | D        | Noticed a five-headed hydra
  3290 | D        | Killed a centaur warrior
  3290 | D        | Killed an eight-headed hydra
  3290 | D        | Killed a yaktaur captain
  3291 | D        | Reached skill level 15 in Axes
  3291 | D        | Reached XP level 13. HP: 65/89 MP: 16/24
  3301 | D        | Noticed a death cob
  3313 | D        | Noticed Donald
  3314 | D        | Killed a fire giant
  3315 | D        | Killed a death cob
  3315 | D        | Noticed a green draconian
  3328 | D        | Killed a green draconian
  3331 | D        | Noticed Eustachio
  3336 | D        | Killed Donald
  3343 | D        | Killed Eustachio
  3387 | D        | Reached skill level 20 in Shields
  3565 | D        | Noticed an emperor scorpion
  3566 | D        | Noticed an orc warlord
  3566 | D        | Noticed an orc warlord
  3569 | D        | Reached skill level 5 in Dodging
  3580 | D        | Noticed a naga warrior
  3580 | D        | Noticed a naga warrior
  3583 | D        | Killed an orc warlord
  3592 | D        | Noticed a naga warrior
  3596 | D        | Killed a naga warrior
  3597 | D        | Gained mutation: Your large and strong wings let you fly.
                  | [Gargoyle growth]
  3597 | D        | Reached XP level 14. HP: 59/96 MP: 22/27
  3597 | D        | Killed an orc warlord
  3598 | D        | Reached skill level 5 in Stealth
  3598 | D        | Killed an emperor scorpion
  3599 | D        | Reached skill level 15 in Fighting
  3622 | D        | Reached skill level 21 in Shields
  3743 | D        | Found the +2 shield of Resistance {rF++ rC++ Will++}
  3806 | D        | Found the +0 pair of fencer's gloves {Riposte Dex+3}
  3810 | D        | Got the +2 pair of boots of Calculation {Rampage rC+++
                  | Int-2 SInv}
  3991 | D        | Noticed a rockslime
  4009 | D        | Killed a rockslime
  4023 | D        | Noticed a Tzitzimitl
  4035 | D        | Killed a Tzitzimitl
  4050 | D        | Noticed a Killer Klown
  4106 | D        | Killed a Killer Klown
  4107 | D        | Reached skill level 22 in Shields
  4139 | D        | Noticed a hellephant
  4179 | D        | Killed a hellephant
  4202 | D        | Noticed a lich
  4224 | D        | Killed a lich
  4249 | D        | Noticed a titan
  4249 | D        | Noticed a nagaraja
  4249 | D        | Noticed Haedecom the pandemonium lord
  4249 | D        | Noticed Quemuuwn the pandemonium lord
  4250 | D        | Killed a titan
  4250 | D        | Killed a nagaraja
  4251 | D        | Reached XP level 15. HP: 105/105 MP: 21/29
  4251 | D        | Killed Haedecom the pandemonium lord
  4252 | D        | Reached skill level 23 in Shields
  4255 | D        | Killed from afar by Quemuuwn the pandemonium lord

Illustrated notes

Levels and vault maps discovered:
D:        pitsprint [storerooms_1, entrance_room_1, metal_vault_2, armoury_2,
          mini_pit_1, grid_room_1, main_hall_1, silver_pit, the_coven_1,
          the_vestibule_1, steel_vault_4, golden_pit, hallway_of_sentries,
          crystal_vault_4, iron_vault_1, final_vault]

Skill      XL: |  1  2  3  4  5  6  7  8  9 10 11 12 13 14 15 |
---------------+----------------------------------------------+-----
Fighting       | 4 5 6 8 9 10 11 13 14 16 | 16.8
Axes           | 2 3 5 6 7 8 9 11 12 15 16 17 | 17.7
Armour         | 4 5 6 7 8 9 10 11 12 13 14 | 14.7
Shields        | 4 5 6 8 10 11 13 15 17 19 20 22 23 | 23.0
Invocations    | 1 4 6 7 9 10 12 13 15 18 20 | 20.7
Dodging        | 2 3 4 5 |  5.2
Stealth        | 1 4 9 |  9.6

Action                   |  1- 3 |  4- 6 |  7- 9 | 10-12 | 13-15 || total
-------------------------+-------+-------+-------+-------+-------++-------
Melee: War axe           |     3 |       |    32 |   229 |   282 ||   546
       Hand axe          |    54 |    40 |    58 |       |       ||   152
Invok: Upheaval          |       |       |       |     1 |       ||     1
       Disaster Area     |       |       |       |     4 |     9 ||    13
       Elemental Force   |       |       |       |       |     2 ||     2
Evoke: Piece from Xom's  |       |       |       |       |     1 ||     1
  Use: Potion            |     2 |       |     3 |     1 |     7 ||    13
       Scroll            |       |       |       |       |     2 ||     2
 Stab: Invisible         |       |       |       |       |    18 ||    18
Armor: Scale mail        |    31 |       |       |       |       ||    31
       Plate armour      |     7 |    31 |    38 |   150 |    58 ||   284
       Gold dragon scale |       |       |       |       |    39 ||    39
Dodge: Dodged            |    23 |     7 |    29 |   105 |    53 ||   217
       Repelled          |       |       |     1 |       |     5 ||     6
Block: Kite shield       |    52 |    48 |   105 |   333 |   275 ||   813
       Rpst.: War axe    |       |       |       |       |     2 ||     2

Table legend: (Time is in decaauts)
 A = Elapsed time spent in this place.
 B = Non-inter-level travel time spent in this place.
 C = Inter-level travel time spent in this place.
 D = Time resting spent in this place.
 E = Time spent auto-exploring this place.
 F = Levels seen in this place.
 G = Mean time per level.
                   A        B        C        D        E       F      G
               +--------+--------+--------+--------+--------+-----+--------+
         Total |   4245 |   4245 |      0 |   1849 |    361 |   1 | 4245.0 |
       Dungeon |   4245 |   4245 |      0 |   1849 |    361 |   1 | 4245.0 |
               +--------+--------+--------+--------+--------+-----+--------+

Top non-repeatable levels by time:
       D: 4245 daAuts
